 Dungeon Crawl Stone Soup version 0.28.0-47-ge53b351184 (webtiles) character file.

Game seed: 4354902089616499430

112 bobregger the Skirmisher (level 4, 0/75 HPs)
             Began as an Ogre Berserker on Apr 29, 2022.
             Was a Follower of Trog.
             Killed by divine providence
             ... invoked by an orc priest
              (8 damage)
             ... on level 3 of the Dungeon.
             The game lasted 00:04:40 (3533 turns).

bobregger the Skirmisher (Ogre Berserker)           Turns: 3533, Time: 00:04:41

Health: 0/75       AC:  4    Str: 21    XL:     4   Next: 93%
Magic:  4/4        EV: 10    Int:  8    God:    Trog [*.....]
Gold:   115        SH:  0    Dex: 10    Spells: 3/3 levels left

rFire   . . .      SeeInvis +   a - +0 mace
rCold   . . .      Faith    .   (no shield)
rNeg    . . .      Spirit   .   b - +0 animal skin
rPois   .          Reflect  .   (helmet restricted)
rElec   .          Harm     .   d - +0 cloak
rCorr   .          Rampage  .   (gloves unavailable)
Will    +++..                   (boots unavailable)
Stlth   ..........              (no amulet)
HPRegen 1.22/turn               k - ring of see invisible
MPRegen 0.09/turn               n - ring of willpower

@: berserking, strong-willed, regenerating, very quick
A: large, unfitting armour, tough skin 1
a: Renounce Religion, Berserk


You were on level 3 of the Dungeon.
You worshipped Trog.
Trog was aware of your devotion.
You visited 1 branch of the dungeon, and saw 4 of its levels.

You collected 115 gold pieces.

Inventory:

Hand Weapons
 a - a +0 mace (weapon)
Armour
 b - a +0 animal skin (worn)
 d - a +0 cloak (worn)
Jewellery
 k - a ring of see invisible (left hand)
 n - a ring of willpower (right hand)
Scrolls
 g - a scroll of vulnerability {unknown}
 l - 4 scrolls of identify {unknown}
 m - a scroll of teleportation {unknown}
Potions
 c - a potion of heal wounds {unknown}
 e - a potion of ambrosia {unknown}
 f - a potion of curing {unknown}
 h - a potion of flight {unknown}
 i - a potion of lignification {unknown}
 j - 2 potions of degeneration {unknown}


   Skills:
 * Level 5.5 Fighting
 + Level 3.2 Maces & Flails
 * Level 3.7 Dodging


You had 3 spell levels left.
You didn't know any spells.
Your spell library was empty.

Dungeon Overview and Level Annotations

Branches:
Dungeon (4/15)
 Temple: D:4-7

Altars:

Shops:
D:1 (   D:2 *   D:3 :


Innate Abilities, Weirdness & Mutations

You are too large for most types of armour.
You have tough skin. (AC +1)


Message History

An orc opens the door.
Found a scroll labelled XUSKOU CUCEI.
An orc priest comes into view. It is wielding a +0 morningstar.
The orc priest shouts!
You hear a shout!
The orc shouts!
There is a stone staircase leading up here.
The orc priest mumbles some strange prayers to Beogh against you.
Beogh smites you!
You climb upwards.
There is a stone staircase leading down here.
You hit the orc priest.
The orc priest is moderately wounded.
The orc priest hits you with a +0 morningstar!
You hit the orc priest but do no damage.
The orc priest is moderately wounded.
The orc priest hits you with a +0 morningstar! x2
* * * LOW HITPOINT WARNING * * *
Okay, then.
Okay, then.
Your skin crawls.
You feel strong-willed.
The orc priest casts a cantrip, but nothing happens.
A red film seems to cover your vision as you go berserk!
You feel yourself moving faster!
You feel mighty!
You can no longer call upon Trog for regeneration and willpower.
The orc priest misses you.
You completely miss the orc priest.
The orc priest is moderately wounded.
You closely miss the orc priest.
The orc priest is moderately wounded.
The orc priest hits you with a +0 morningstar!
* * * LOW HITPOINT WARNING * * *
You closely miss the orc priest.
The orc priest is moderately wounded.
The orc priest misses you.
You sock the orc priest!
The orc priest is almost dead.
The orc priest calls down the wrath of Beogh upon you.
Beogh smites you!
You die...

#................####.##.........
######...........####.##.........
#.................#.........
######...........####..#.........
#..........###+#.# #..#.....)...
#..........###.#.# #.)###.......
#..............#.# #..# #.......
#..........#####o####..###.......
###.............@........†.......
##############.####..#######...
#...........# #..# #...
####.#...8.....####..# #...
#..#...<.)........#..# #...
#..#)..8<∩.8....#.#..##########
#..#..###.+#....+..........####
#.....# #8.#....#.#............
#.##.## #..#....#.##.......####


You could see an orc priest.

Vanquished Creatures
  4 adders
  A worm (D:2)
  3 dart slugs (D:1)
  2 orcs (D:3)
  6 ball pythons
  2 endoplasms (D:2)
  4 giant cockroaches
  8 goblins
  8 hobgoblins
  6 kobolds
  A quokka (D:1)
  4 bats
  2 frilled lizards
  11 rats
62 creatures vanquished.

Notes
Turn   | Place    | Note
-------+----------+-------------------------------------------
     0 | D:1      | bobregger the Ogre Berserker began the quest for the Orb.
     0 | D:1      | Reached XP level 1. HP: 24/24 MP: 1/1
     2 | D:1      | Noticed a dwarf
     2 | D:1      | Noticed a formicid
     4 | D:1      | Noticed a human
     4 | D:1      | Noticed an elf
     6 | D:1      | Noticed an ogre
     8 | D:1      | Noticed a minotaur
     8 | D:1      | Noticed a draconian
    10 | D:1      | Noticed a spriggan
    12 | D:1      | Noticed a tengu
    12 | D:1      | Noticed a demigod
    14 | D:1      | Noticed a vampire
    16 | D:1      | Noticed a felid
    16 | D:1      | Noticed an octopode
    18 | D:1      | Noticed a ghoul
    18 | D:1      | Noticed a merfolk
    20 | D:1      | Noticed a demonspawn
    20 | D:1      | Noticed a troll
    22 | D:1      | Noticed a vine stalker
    24 | D:1      | Noticed a naga
    26 | D:1      | Noticed a gargoyle
    87 | D:1      | Found Guytun's Weapon Shoppe.
   111 | D:1      | Reached XP level 2. HP: 11/32 MP: 2/2
   857 | D:1      | Reached XP level 3. HP: 32/40 MP: 3/3
  1217 | D:1      | Found a faded altar of an unknown god.
  1394 | D:2      | Found Paebow's General Store.
  1669 | D:2      | Reached skill level 5 in Fighting
  1669 | D:2      | Reached XP level 4. HP: 29/50 MP: 4/4
  1968 | D:2      | Reached ** piety under Trog
  2453 | D:3      | Found Afyoph's Book Shop.
  3533 | D:3      | Killed from afar by an orc priest

Illustrated notes

Levels and vault maps discovered:
D:1:      kb_arrival_jail, layout_basic, serial_shops, shop,
          dreamdust_ecumenical_altar_grove, minmay_tetromino_o2
D:2:      layout_rooms, serial_shops, nicolae_shop_stone
D:3:      layout_basic, serial_shops, nicolae_shop_statue_plus,
          minmay_misc_feat_cross
D:4:      layout_loops_corners, dk_yredelemnul_ordeal

Skill      XL: |  1  2  3 |
---------------+----------+-----
Dodging        | 3 |  3.7
Maces & Flails | 3 |  3.2
Fighting       | 5 |  5.5

Action                   |  1- 3 |  4- 6 || total
-------------------------+-------+-------++-------
Melee: Mace              |   108 |   111 ||   219
       Punch             |     1 |       ||     1
Invok: Berserk           |     3 |     3 ||     6
       Trog's Hand       |       |     1 ||     1
 Stab: Sleeping          |     1 |       ||     1
Armor: Animal skin       |    40 |    60 ||   100
Dodge: Dodged            |    61 |    73 ||   134
